 Dungeon Crawl Stone Soup version 0.30-a0-373-gd37427bb62 (webtiles) character file.

Game seed: 13985145108824399214

107 NinjaNoafa the Cutter (level 4, -2/35 HPs)
             Began as a Merfolk Gladiator on Nov 23, 2022.
             Killed from afar by an orc wizard (10 damage)
             ... with a magic dart
             ... on level 3 of the Dungeon.
             The game lasted 00:04:14 (1547 turns).

NinjaNoafa the Cutter (Merfolk Gladiator)           Turns: 1547, Time: 00:04:15

Health: -2/35      AC:  4    Str: 14    XL:     4   Next: 86%
Magic:  4/4        EV: 13    Int:  9    God:
Gold:   92         SH:  0    Dex: 15    Spells: 3/3 levels left

rFire   . . .      SeeInvis .    a - +0 rapier
rCold   . . .      Faith    .    (no shield)
rNeg    . . .      Spirit   .    b - +0 leather armour
rPois   .          Reflect  .    c - +0 helmet
rElec   .          Harm     .    (no cloak)
rCorr   .          Rampage  .    (no gloves)
Will    .....                    (no boots)
Stlth   +.........               (no amulet)
HPRegen 0.25/turn                (no ring)
MPRegen 0.09/turn                (no ring)

@: confused
A: (nimble swimmer 2), mertail
a: no special abilities


You were on level 3 of the Dungeon.
You visited 1 branch of the dungeon, and saw 3 of its levels.

You collected 92 gold pieces.

Inventory:

Hand Weapons
 a - a +0 rapier (weapon)
Missiles
 d - 2 throwing nets
 e - a javelin
 h - 10 stones
 j - 6 poisoned darts
 n - 5 boomerangs (quivered)
Armour
 b - a +0 leather armour (worn)
 c - a +0 helmet (worn)
Scrolls
 f - a scroll of identify {unknown}
 g - a scroll of amnesia {unknown}
 k - 2 scrolls of teleportation {unknown}
 p - 2 scrolls of vulnerability {unknown}
 r - a scroll of noise {unknown}


   Skills:
 - Level 3.0 Fighting
 + Level 4.9 Short Blades
 + Level 2.8 Throwing
 + Level 4.9 Dodging


You had 3 spell levels left.
You didn't know any spells.
Your spell library contained the following spells:

 Spells                   Type           Power      Damage    Failure   Level
 Ensorcelled Hibernation  Hex/Ice        0%         N/A       61%         2
 Passwall                 Tmut/Erth      0%         N/A       61%         2
 Swiftness                Air            0%         N/A       83%         3


Dungeon Overview and Level Annotations

Branches:
Dungeon (3/15)

Altars:

Shops:
D:1 [


Innate Abilities, Weirdness & Mutations

((You are very nimble when in or above water. (Stealth+, EV+, Speed+++)))
Your lower body shifts to a powerful aquatic tail in water.


Message History

You closely miss the orc wizard.
The orc wizard is heavily wounded.
The orc wizard casts a spell.
The orc wizard flickers and vanishes!
Deactivating autopickup; reactivate with Ctrl-A.
You miss something. Something hits you but does no damage.
You hit something but do no damage. Something hits you but does no damage.
You closely miss something.
You hear some strange, mumbled words.
You are confused.
You bump into the crystal wall.
You hear some strange, mumbled words.
A magic dart appears from out of thin air!
The magic dart hits you!
* * * LOW HITPOINT WARNING * * *
You're too confused to move!
You hear some strange, mumbled words.
You are more confused.
You bump into the rock wall.
Something barely misses you.
You bump into the crystal wall.
Something hits you but does no damage.
You're too confused to move!
Something hits you.
* * * LOW HITPOINT WARNING * * *
You closely miss something. You miss something.
You hear some strange, mumbled words.
Something tries to affect you, but you resist.
You bump into the rock wall.
Something barely misses you.
You're too confused to move!
You hear some strange, mumbled words.
You are more confused.
You aren't carrying any potions.
You aren't carrying any potions.
Unknown command.
You are too confused!
Unknown command.
You bump into the crystal wall.
You hear some strange, mumbled words.
A magic dart appears from out of thin air!
The magic dart hits you!
You die...

#. #.#
##.#####.# ..
.......#.#
#.#
.......#.#
#.###
.....#.#
#...# ...#.#
#.#.# #)#.#
#.#.#
#..S#####.#.#
###Joo{@..#.#
######.†..#
####.# #.#
#.# #.# ####
#.# ...# #.#
##.# #.#


You could see 2 orcs, an endoplasm and a ball python.

Vanquished Creatures
  A scorpion (D:2)
  2 dart slugs
  An orc (D:3)
  5 ball pythons
  3 endoplasms
  2 giant cockroaches
  4 hobgoblins
  2 kobolds
  3 quokkas
  A bat (D:1)
  3 frilled lizards
  3 rats (D:1)
30 creatures vanquished.

Vanquished Creatures (others)
  An orc wizard (D:3)
1 creature vanquished.

Grand Total: 31 creatures vanquished

Notes
Turn   | Place    | Note
-------+----------+-------------------------------------------
     0 | D:1      | NinjaNoafa the Merfolk Gladiator began the quest for the
                  | Orb.
     0 | D:1      | Reached XP level 1. HP: 16/16 MP: 1/1
   135 | D:1      | Reached XP level 2. HP: 22/22 MP: 2/2
   180 | D:1      | Found Xymo's Antique Armour Emporium.
   437 | D:1      | Reached XP level 3. HP: 28/28 MP: 3/3
  1204 | D:3      | Noticed a scorpion
  1231 | D:2      | Killed a scorpion
  1232 | D:2      | Reached XP level 4. HP: 10/35 MP: 4/4
  1547 | D:3      | Killed from afar by an orc wizard

Illustrated notes

Levels and vault maps discovered:
D:1:      roderic_dead_forest, layout_rooms, serial_shops, nicolae_shop_stone
D:2:      layout_loops_ring, minmay_misc_feat_doors
D:3:      layout_basic, vehumet_statue, xom_teletrap_fun, uniq_sigmund

Skill      XL: |  1  2  3 |
---------------+----------+-----
Short Blades   | 4 |  4.9
Fighting       | 3 |  3.0
Throwing       | |  2.8
Dodging        | |  4.9

Action                   |  1- 3 |  4- 6 || total
-------------------------+-------+-------++-------
Melee: Rapier            |   100 |    43 ||   143
       Punch             |     2 |     1 ||     3
Throw: Javelin           |     3 |       ||     3
       Boomerang         |     7 |       ||     7
       Throwing net      |     1 |       ||     1
  Use: Potion            |     5 |       ||     5
Armor: Leather armour    |    26 |    11 ||    37
       Skin              |     3 |       ||     3
Dodge: Dodged            |    81 |    25 ||   106

Table legend: (Time is in decaauts)
 A = Elapsed time spent in this place.
 B = Non-inter-level travel time spent in this place.
 C = Inter-level travel time spent in this place.
 D = Time resting spent in this place.
 E = Time spent auto-exploring this place.
 F = Levels seen in this place.
 G = Mean time per level.
                   A        B        C        D        E       F      G
               +--------+--------+--------+--------+--------+-----+--------+
         Total |   1548 |   1451 |     97 |      0 |   1111 |   3 |  516.0 |
       Dungeon |   1548 |   1451 |     97 |      0 |   1111 |   3 |  516.0 |
               +--------+--------+--------+--------+--------+-----+--------+

Top non-repeatable levels by time:
     D:2: 734 daAuts
     D:1: 611 daAuts
     D:3: 201 daAuts
